[Event "*** Titled Tuesday Blitz"]
[Site "Chess.com"]
[Date "2020.04.28"]
[Round "5"]
[White "Korchmar_Vasiliy"]
[Black "viditchess"]
[Result "1-0"]
[WhiteElo "2634"]
[BlackElo "2889"]
[TimeControl "180+1"]
[EndTime "10:56:10 PDT"]
[Termination "Korchmar_Vasiliy won on time"]

1. d4 Nf6 2. Nf3 d5 3. Bf4 c5 4.
e3 Nc6 5. Nbd2 e6 6. c3 cxd4 7. exd4 Nh5 8. Bg3 g6 9. Bd3 Bg7 10. O-O Nxg3 11. hxg3 O-O 12. Re1 Qc7 13. Nf1 Rb8 14. a4 a6 15. Ne3 b5 16. axb5 axb5 17. b4 Bd7 18. Qe2 Ne7 19. Ra3 Nc8 20. Rea1 Rb7 21. Nd2 Nb6 22. Nb3 Na4 23. Nc5 Nxc5 24. dxc5 d4 25. cxd4 Bxd4 26. Rd1 Bc6 27. Bxg6 Bxe3 28.
Bxh7+ Kxh7 29. Rxe3 Qe7 30. Qh5+ Kg7 31. Qg4+ Kh6 32. Re5 f5 33. Qf4+ Kg7 34. Rd6 Bd7 35. g4 Ra7 36. g3 Ra1+ 37. Kg2 Bc8 38. Qd4 Kg8 39. Qxa1 Bb7+ 40. Kg1 Qh7 41. c6 Ra8 42. Qd1 1-0

[Event "*** Titled Tuesday Blitz"]
[Site "Chess.com"]
[Date "2020.04.28"]
[Round "5"]
[White "etserga"]
[Black "kleinebeer98"]
[Result "0-1"]
[WhiteElo "2486"]
[BlackElo "2691"]
[TimeControl "180+1"]
[EndTime "10:56:10 PDT"]
[Termination "kleinebeer98 won on time"]

1. Nf3 Nc6 2. d4 d5 3. e3 Bg4 4.
Bb5 e6 5. Nbd2 Bd6 6. c4 Nf6 7. h3 Bxf3 8. Qxf3 O-O 9. O-O a6 10. Ba4 Nb4 11. c5 Be7 12. a3 Nd3 13. Bc2 Nxc1 14.
Raxc1 b6 15. b4 a5 16. b5 bxc5 17. dxc5 Nd7 18. e4 Nxc5 19. Rfd1 Bd6 20. exd5 exd5 21. Nf1 d4 22. Kh1 Qg5 23. g3 Rad8 24. Kg2 Ne6 25.
h4 Qxb5 26. Bd3 Qb8 27. Nh2 Bxa3 28. Rc6 Rd6 29. Ng4 Rxc6 30. Qe4 f5 31. Qxc6 Nf4+ 32. gxf4 fxg4 33. Qe6+ Kh8 34. Rb1 Qe8 35. Qxg4 Bd6 36.
f5 a4 37. Bb5 Qa8+ 38. f3 a3 39. Bc4 Qa4 40. Bd3 a2 41. f6 Rxf6 42. Rb8+ Bf8 43. Qc8 Qa3 0-1

[Event "*** Titled Tuesday Blitz"]
[Site "Chess.com"]
[Date "2020.04.28"]
[Round "5"]
[White "vanyakuba"]
[Black "Valuebet2000"]
[Result "0-1"]
[WhiteElo "2403"]
[BlackElo "2573"]
[TimeControl "180+1"]
[EndTime "10:56:10 PDT"]
[Termination "Valuebet2000 won on time"]

1. e4 c6 2. d4 d5 3. exd5 cxd5 4. c4 Nf6 5. Nc3 g6 6. cxd5 Nxd5 7. Qb3 Nb6 8. d5 Bg7 9. Be3 O-O 10. Rd1 Bf5 11. a4 N8d7 12. a5 Nc8 13. Qa3 Nd6 14. Nf3 Qc7 15.
Nd4 Nc4 16. Bxc4 Qxc4 17. Nxf5 gxf5 18. Qxe7 f4 19. Qxd7 fxe3 20. fxe3 Rad8 21. Qf5 Rfe8 22. Kf2 Re5 23. Qd3 Qb3 24. Rd2 Qb4 25. g3 Qxa5 26. Re1 Qb6 27. Kg2 Rde8 28. e4 Rd8 29.
Rf2 Qg6 30. Ref1 Re7 31. Rf5 Rde8 32. Qf3 Bxc3 33. bxc3 Rxe4 34. Rxf7 Re2+ 35. Kh1 Qh6 36. h4 R2e7 37. Rxe7 Rxe7 38. Qg4+ Qg6 39. Qc8+ Re8 40. Qh3 Qd6 0-1

[Event "*** Titled Tuesday Blitz"]
[Site "Chess.com"]
[Date "2020.04.28"]
[Round "5"]
[White "dimke2802"]
[Black "colegiodemadrid"]
[Result "1-0"]
[WhiteElo "2505"]
[BlackElo "2292"]
[TimeControl "180+1"]
[EndTime "10:56:10 PDT"]
[Termination "dimke2802 won by resignation"]

1. d4 Nf6 2. Nf3 g6 3. c4 Bg7 4. g3 O-O 5. Bg2 d6 6. O-O a6 7. Nc3 Nc6 8. Qd3 e5 9. dxe5 dxe5 10. Qxd8 Rxd8 11. Bg5 Re8 12. Nd2 Nd4 13. Nde4 Nxe4 14. Bxe4 c6 15. Rad1 Be6 16. b3 f5 17. Bg2 e4 18. Bd2 b5 19. c5 b4 20. Na4 Nxe2+ 21.
Kh1 a5 22. Rfe1 Nd4 23. Be3 Nb5 24. Bf1 Nc3 25. Rd6 Bd5 26. Nb6 Rad8 27. Nxd5 cxd5 28. Bg5 Rc8 29. c6 d4 30. Ba6 d3 31. Bxc8 Rxc8 32.
Rd8+ Rxd8 33. Bxd8 Be5 34. c7 Bxc7 35. Bxc7 d2 36.
Rf1 d1=Q 37. Rxd1 Nxd1 38. Bxa5 Nc3 39. Bxb4 Nxa2 40. Bd2 Kf7 41. Kg1 Ke6 42. Kg2 Kd5 43.
Kh3 Kd4 44. Kh4 Kd3 45. Be3 Nc3 46. Kg5 Nd1 47. Bc5 Kc3 48. b4 Kc4 49. Kh6 e3 50. Bxe3 Nxe3 51. fxe3 Kxb4 52. Kxh7 Kc4 53. Kxg6 1-0

[Event "*** Titled Tuesday Blitz"]
[Site "Chess.com"]
[Date "2020.04.28"]
[Round "5"]
[White "2nd_life"]
[Black "GodDMuhammad"]
[Result "1-0"]
[WhiteElo "2405"]
[BlackElo "2201"]
[TimeControl "180+1"]
[EndTime "10:56:10 PDT"]
[Termination "2nd_life won by resignation"]

1. e4 c6 2. d4 d5 3. e5 Bf5 4.
h4 h6 5. g4 Bd7 6. h5 e6 7. c3 c5 8. f4 Nc6 9. Nf3 Qb6 10. Kf2 cxd4 11. cxd4 Rc8 12. Nc3 Bb4 13. Kg3 f5 14. gxf5 Nge7 15. Bh3 exf5 16. Na4 Qd8 17.
a3 Ba5 18. b4 Bb6 19. Nc5 Bxc5 20. dxc5 Be6 21. Bb2 O-O 22. Rg1 Qe8 23. Nh4 d4 24.
Kh2 Nd5 25. Ng6 Rf7 26. Qd2 Rd8 27. Rg3 Ne3 28. Rag1 Ng4+ 29. Kg2 Qd7 30. Kf1 Bc4+ 31. Ke1 Ne7 32. Bxg4 fxg4 33. Rxg4 Nxg6 34. Rxg6 Qh3 35. Bxd4 Qh4+ 36. Kd1 Qxh5+ 37. Kc1 Bd5 38. e6 Bxe6 39. Rxg7+ Rxg7 40. Rxg7+ Kf8 41. Kb2 Bf5 42. Rxb7 Qh1 43. Bg7+ Kg8 44. Qxd8+ Kh7 45. Qh8+ Kg6 46. Qxh6+ Qxh6 47. Bxh6 Kxh6 48. Rxa7 1-0

[Event "*** Titled Tuesday Blitz"]
[Site "Chess.com"]
[Date "2020.04.28"]
[Round "5"]
[White "Funkmaus"]
[Black "KingCrusher275"]
[Result "1-0"]
[WhiteElo "2209"]
[BlackElo "2338"]
[TimeControl "180+1"]
[EndTime "10:56:10 PDT"]
[Termination "Funkmaus won on time"]

1. d4 d5 2. Nf3 Nf6 3. c4 e6 4. cxd5 exd5 5. Nc3 Be7 6. Bg5 c6 7. e3 Nbd7 8. Bd3 h6 9. Bh4 Nh5 10. Bg3 Nxg3 11. hxg3 Nf6 12. Rc1 Bg4 13. Bb1 Qb6 14. Qc2 Bxf3 15. gxf3 Bb4 16. O-O O-O 17. Ne2 Rac8 18.
Nf4 Be7 19. Nh5 g6 20. Nf4 Kh8 21. Kg2 Rg8 22. Rh1 Kh7 23. g4 Nd7 24. Rxh6+ Kxh6 25. Rh1+ Kg7 26. Nxg6 fxg6 27. Qxg6+ Kf8 28. Qf5+ Ke8 29. Rh7 Nf6 30. Qxc8+ Qd8 31. Qf5 Nxh7 32. Qxh7 Rf8 33. Bg6+ Kd7 34. Bf5+ Kc7 35. Qh2+ Qd6 36. f4 Rd8 37. g5 Rg8 38. g6 Qf6 39. Bd3 Rg7 40. f5+ Bd6 41. f4 Re7 42. Qg3 Qg7 43. Kf3 Qf6 44. Qg5 Qf8 45. f6 Re6 46. f7 1-0

[Event "*** Titled Tuesday Blitz"]
[Site "Chess.com"]
[Date "2020.04.28"]
[Round "5"]
[White "QueenOfTactics90"]
[Black "Rafael_Ventura"]
[Result "0-1"]
[WhiteElo "1931"]
[BlackElo "2298"]
[TimeControl "180+1"]
[EndTime "10:56:10 PDT"]
[Termination "Rafael_Ventura won by resignation"]

1. e4 c5 2. Nf3 d6 3. d4 cxd4 4. Nxd4 Nf6 5. f3 d5 6. exd5 Nxd5 7. c4 Nf6 8. Nc3 a6 9. Bf4 g6 10. Be2 Bg7 11. Nb3 O-O 12. O-O Be6 13. Qxd8 Rxd8 14.
Rad1 Nc6 15. Bc7 Rxd1 16. Rxd1 Rc8 17. Bb6 Nd7 18. Be3 Nce5 19. Nd5 Kf8 20. Nd2 Bxd5 21. cxd5 Rc2 22. Bd4 b5 23. b3 Rxa2 24. f4 Bh6 25. g4 f5 26. g5 Bg7 27. fxe5 Bxe5 28. Bxe5 Nxe5 29. Kf1 Ke8 30. Nf3 Ng4 31. Nd4 Ne3+ 32.
Ke1 Nxd1 33. Bxd1 Ra1 34. Kd2 Kd7 35. Kc3 Ra2 36. Bc2 Ra1 37. Nc6 Rh1 38. Nb4 Rxh2 39. Nxa6 Rh3+ 40. Kb4 Kd6 41. Kxb5 Rh4 42. Nb4 Rg4 43.
Bd3 Rxg5 44. Bc4 Rg3 45. Na6 h5 46. Nb8 h4 47. Nc6 h3 48. Nd8 h2 49. Nb7+ Kc7 50.
Nc5 h1=Q 51. Ne6+ Kd6 52. Nd4 Qh8 53. Kb4 Qxd4 54. Ka5 Qc5+ 55. Bb5 Rxb3 0-1

[Event "*** Titled Tuesday Blitz"]
[Site "Chess.com"]
[Date "2020.04.28"]
[Round "5"]
[White "Gurvich_Vitaly"]
[Black "vugarrasulov"]
[Result "0-1"]
[WhiteElo "2554"]
[BlackElo "2765"]
[TimeControl "180+1"]
[EndTime "10:56:11 PDT"]
[Termination "vugarrasulov won on time"]

1. e4 c5 2. Nf3 d6 3. d4 cxd4 4.
Nxd4 Nf6 5. Nc3 Nc6 6. Bg5 e6 7. Qd2 a6 8. O-O-O Bd7 9. f4 b5 10. Bxf6 gxf6 11. Kb1 Qb6 12. Nxc6 Bxc6 13. Bd3 h5 14.
Ne2 b4 15. Qe1 h4 16. f5 e5 17. Nc1 O-O-O 18. Bc4 a5 19. Bxf7 Bh6 20. Be6+ Kb8 21.
Bd5 Bb5 22. Nd3 Be3 23. g3 h3 24. Qe2 Bd4 25. Qf3 Rc8 26. Rd2 Be8 27. Nf2 a4 28. g4 a3 29. b3 Qc5 30. Nxh3 Rc7 31. Nf2 Be3 32. Nd3 Qb6 33. Re2 Bd4 34. c4 bxc3 35. Kc2 Rch7 36. h4 Rxh4 37. Rxh4 Rxh4 38. Qg3 Rh1 39. Re1 Bf2 40. Rxh1 Bxg3 41. Rh8 Qe3 42. Rxe8+ Kc7 43. Kxc3 Be1+ 44. Kc4 Qd4+ 45. Kb5 Qxd3+ 46. Bc4 Qxe4 47. Re7+ Kd8 48. Rf7 d5 49. Bf1 Qf3 0-1

[Event "*** Titled Tuesday Blitz"]
[Site "Chess.com"]
[Date "2020.04.28"]
[Round "5"]
[White "Hasangatin_Ramil"]
[Black "kaumandur01"]
[Result "0-1"]
[WhiteElo "2454"]
[BlackElo "2772"]
[TimeControl "180+1"]
[EndTime "10:56:11 PDT"]
[Termination "kaumandur01 won on time"]

1. e4 c5 2. Nf3 d6 3. d4 cxd4 4. Qxd4 Nf6 5. e5 Nc6 6. Bb5 Qa5+ 7. Nc3 Qxb5 8. Nxb5 Nxd4 9. Nfxd4 dxe5 10. Nc7+ Kd7 11.
Nxa8 exd4 12. Bf4 Nd5 13. O-O-O b6 14. Rxd4 Kc6 15. Rhd1 e6 16. Rxd5 exd5 17. Nc7 Bc5 18. Nxd5 Bxf2 19. Ne7+ Kb7 20. Nxc8 Kxc8 21. Rd2 Bc5 22.
Kd1 Re8 23. Re2 Rxe2 24. Kxe2 Kd7 25. Kd3 Ke6 26. g4 Kd5 27. c4+ Ke6 28. Ke4 h6 29.
Bd2 Bd6 30. Bc3 g6 31. h3 f5+ 32. Kf3 Kd7 33. gxf5 gxf5 34. Bd4 Kc6 35. b3 h5 36. Be3 a5 37. Bf4 Bxf4 38. Kxf4 Kc5 39. Kxf5 Kb4 40. Ke4 Ka3 41. Kd3 Kxa2 42. Kc2 Ka3 43. Kc3 h4 44. Kc2 Kb4 45. Kb2 a4 46. bxa4 Kxc4 47. Ka3 Kc3 48. Ka2 Kb4 49. Kb2 Kxa4 0-1

[Event "*** Titled Tuesday Blitz"]
[Site "Chess.com"]
[Date "2020.04.28"]
[Round "5"]
[White "DrVitman"]
[Black "Antelacus"]
[Result "0-1"]
[WhiteElo "2539"]
[BlackElo "2327"]
[TimeControl "180+1"]
[EndTime "10:56:11 PDT"]
[Termination "Antelacus won on time"]

1. e4 c5 2. Nc3 Nc6 3. Bb5 Nd4 4. Nf3 Nxb5 5. Nxb5 d6 6. O-O g6 7. d4 cxd4 8. Qxd4 Nf6 9. c4 a6 10. Nc3 Bg7 11. Bg5 O-O 12. Qd3 Be6 13. Rad1 Qc7 14.
b3 Rac8 15. Nd5 Nxd5 16. exd5 Bf5 17. Qd2 Rfe8 18. Rfe1 b5 19. Rc1 bxc4 20. Rxc4 Qb7 21. Rec1 Rxc4 22. Rxc4 Rc8 23. Rxc8+ Bxc8 24. h3 Qc7 25.
Qe2 Kf8 26. Nd2 Bb7 27. Nc4 Bxd5 28. Ne3 Bb7 29. Qg4 h6 30. Bh4 Kg8 31. Nc4 Bc8 32. Qe2 Be6 33. Ne3 a5 34. Qb5 Kh7 35. Qe8 Bf6 36.
Bxf6 exf6 37. Qb5 Qc3 38. Nd5 Bxd5 39. Qxd5 Qe1+ 40. Kh2 Kg7 41. Qxd6 Qxf2 42. a3 Qe3 43. Qb8 h5 44. Qb5 h4 45. Qxa5 Qxb3 46. Qe1 Qb8+ 0-1

[Event "*** Titled Tuesday Blitz"]
[Site "Chess.com"]
[Date "2020.04.28"]
[Round "5"]
[White "onnoelgersma"]
[Black "2008king"]
[Result "1-0"]
[WhiteElo "2284"]
[BlackElo "2074"]
[TimeControl "180+1"]
[EndTime "10:56:11 PDT"]
[Termination "onnoelgersma won by checkmate"]

1. e4 e5 2. Nf3 Nc6 3. Bb5 a6 4. Ba4 Nf6 5. O-O b5 6. Bb3 Bb7 7. d3 Be7 8. Nc3 d6 9. a3 O-O 10. Nd5 Na5 11. Nxf6+ Bxf6 12. Ba2 c5 13. b4 Nc6 14. c3 Qc7 15. Bd5 Rfd8 16. Be3 c4 17. dxc4 bxc4 18. Qe2 Ne7 19. Bxb7 Qxb7 20. Qxc4 Rac8 21. Qd3 Qb5 22. Rfd1 Qxd3 23. Rxd3 d5 24. Rad1 Rc4 25. Bc5 Rxe4 26. Bxe7 Bxe7 27. Rxd5 Rxd5 28. Rxd5 f6 29. Kf1 Kf7 30. Ra5 Rc4 31. Rxa6 Rxc3 32.
Ke2 Rb3 33. Nd2 Rb2 34. Kd3 f5 35. f3 Bf6 36. Ra7+ Kg6 37. Ra6 h5 38. g3 Kf7 39. Nc4 Rb3+ 40. Ke2 Rc3 41. Nd6+ Kg6 42. b5 Rb3 43. b6 Rb2+ 44. Kd3 Rb3+ 45. Kc2 Rxf3 46.
b7 Rf2+ 47. Kc1 Rf1+ 48. Kd2 Rf2+ 49. Ke1 Rb2 50. Ra8 e4 51. b8=Q Bc3+ 52. Kd1 Rxb8 53. Rxb8 Be5 54. Rb6 Kg5 55. a4 Bf6 56. a5 g6 57. a6 Bd4 58. a7 Bxb6 59. a8=Q Bf2 60. Qb7 Kg4 61. Qg7 g5 62. Nf7 Bd4 63. Qxg5+ Kf3 64.
Qf4+ Kg2 65. Qxf5 e3 66. Ke2 Ba7 67. Ng5 h4 68. Qh3+ Kg1 69. Nf3+ Kh1 70. Qf1# 1-0

[Event "*** Titled Tuesday Blitz"]
[Site "Chess.com"]
[Date "2020.04.28"]
[Round "5"]
[White "bait_or_mate"]
[Black "petincash"]
[Result "1-0"]
[WhiteElo "2551"]
[BlackElo "2382"]
[TimeControl "180+1"]
[EndTime "10:56:12 PDT"]
[Termination "bait_or_mate won on time"]

1. d4 Nf6 2. c4 g6 3. Nc3 Bg7 4. e4 O-O 5. Nf3 d6 6. Be2 e5 7.
O-O Nh5 8. Re1 Nc6 9. dxe5 dxe5 10. Bg5 f6 11. Be3 Nf4 12. Bf1 Bg4 13. Nd5 Nd4 14.
Nxf4 Nxf3+ 15. gxf3 exf4 16. Bc5 Qxd1 17. Raxd1 Bxf3 18.
Rd3 Bg4 19. Bxf8 Bxf8 20. b3 Bb4 21. Rc1 Bc5 22. h3 Be6 23. Rcd1 Re8 24. Kg2 Kf7 25. Be2 h5 26. Bf3 c6 27. Re1 Ke7 28. e5 f5 29.
h4 Kf7 30. Red1 Be7 31. Kh3 a5 32. Rd4 Bc5 33. Rxf4 Ra8 34. Be2 a4 35. Rf3 a3 36. Kg2 Be7 37. Kg3 Bc5 38. Rfd3 Ke7 39. f4 Kf7 40. Bf3 Be7 41. Bg2 Ra6 42. Bf1 Rb6 43. Be2 Rb4 44. Rd4 Bc5 45. Rd8 b5 46.
Rc1 bxc4 47. Bxc4 Bxc4 48. Rxc4 Rb5 49. Rc8 Bb4 50. R8xc6 Be1+ 51. Kh3 Rd5 52. Rd6 Rxd6 53. exd6 Ke6 54. Rd4 Bc3 55. d7 1-0

[Event "*** Titled Tuesday Blitz"]
[Site "Chess.com"]
[Date "2020.04.28"]
[Round "5"]
[White "Danfii"]
[Black "Ana_Berke"]
[Result "1-0"]
[WhiteElo "2325"]
[BlackElo "2109"]
[TimeControl "180+1"]
[EndTime "10:56:12 PDT"]
[Termination "Danfii won by resignation"]

1. e4 c5 2. Nf3 d6 3. d4 cxd4 4. Nxd4 Nf6 5. Nc3 Nc6 6. Bg5 Bd7 7. Qd2 Rc8 8. O-O-O Nxd4 9. Qxd4 Qa5 10. Bh4 Qc5 11.
f3 Qxd4 12. Rxd4 a6 13. a4 e6 14. Bg3 e5 15. Rd1 Be6 16. Kb1 Be7 17. Bh4 O-O 18. Bxf6 gxf6 19. Nd5 Bxd5 20. Rxd5 Rc6 21. g4 Rfc8 22. c3 Kf8 23. Be2 Ke8 24. h4 Kd7 25.
h5 h6 26. Rhd1 Rc5 27. Kc2 Rxd5 28. Rxd5 Rc5 29. Rd1 Rc6 30. b4 Bd8 31. Kb3 Ke7 32.
Bc4 Bb6 33. Bd5 Rc7 34. a5 Ba7 35. c4 Bd4 36. Rf1 Be3 37. Kc3 Rd7 38. Kd3 Bf4 39. Rb1 Bg3 40. Ke2 Rc7 41. b5 Bf4 42. bxa6 bxa6 43.
Rb6 Bc1 44. Rxa6 Bb2 45. Ra8 Bd4 46. a6 Ra7 47. Rh8 Rxa6 48. Rxh6 Ra2+ 49. Ke1 Ra1+ 50. Kd2 Rf1 51. Rh7 Rxf3 52. Rxf7+ Ke8 53. h6 Rf2+ 54. Kd3 Rf3+ 55. Kc2 Rh3 56. h7 Be3 57. Rg7 Bg5 58. Rg8+ Ke7 59. h8=Q Rxh8 60. Rxh8 1-0

[Event "*** Titled Tuesday Blitz"]
[Site "Chess.com"]
[Date "2020.04.28"]
[Round "5"]
[White "obliviate12"]
[Black "Nbk90"]
[Result "1-0"]
[WhiteElo "2808"]
[BlackElo "2571"]
[TimeControl "180+1"]
[EndTime "10:56:13 PDT"]
[Termination "obliviate12 won on time"]

1. e4 e5 2. Nf3 Nc6 3. Bb5 a6 4. Ba4 d6 5. O-O Bd7 6. c3 g6 7.
d4 Bg7 8. Bg5 f6 9. Be3 Nh6 10.
Re1 O-O 11. h3 Nf7 12. Nbd2 Kh8 13. Nf1 f5 14. exf5 gxf5 15. dxe5 Ncxe5 16. Bc2 Nxf3+ 17. Qxf3 Ne5 18. Qh5 Be8 19. Qg5 Bf6 20. Qf4 Bg7 21. Rad1 Qf6 22. Ng3 Ng6 23. Qf3 Bc6 24. Qh5 f4 25.
Bd4 Qf7 26. Nf5 Bxd4 27. Nxd4 Rg8 28. Bb3 d5 29. Bc2 Rae8 30. Rxe8 Rxe8 31. b4 Qf6 32. a4 Re5 33. Qh6 Rg5 34. b5 axb5 35. axb5 Bd7 36. Nf3 Rf5 37. Bxf5 Qxf5 38. Ng5 Ne5 39. Rxd5 Qb1+ 40.
Kh2 1-0

[Event "*** Titled Tuesday Blitz"]
[Site "Chess.com"]
[Date "2020.04.28"]
[Round "5"]
[White "SCIM"]
[Black "Revnov"]
[Result "1-0"]
[WhiteElo "2502"]
[BlackElo "2658"]
[TimeControl "180+1"]
[EndTime "10:56:13 PDT"]
[Termination "SCIM won on time"]

1. d4 e6 2. c4 Bb4+ 3. Bd2 a5 4. e4 d5 5. e5 c5 6. Nf3 Nc6 7. cxd5 exd5 8. Bb5 Ne7 9. O-O O-O 10. Bg5 cxd4 11. a3 Bc5 12. Nbd2 Qb6 13. Bd3 Ng6 14. Re1 h6 15.
Bh4 Re8 16. Bg3 Bg4 17. h3 Bh5 18. Qc2 Rac8 19. e6 Nge7 20. Rac1 Nd8 21. exf7+ Nxf7 22. Qb1 Nc6 23. Bh7+ Kh8 24. Bg6 Bxg6 25. Qxg6 Kg8 26. Nh4 Ne7 27. Qxb6 Bxb6 28. Rxc8 Rxc8 29. Rxe7 Rc2 30.
Nhf3 Rxb2 31. Rxb7 d3 32. Kh2 a4 33. h4 Bd4 34. Rxb2 Bxb2 35. Ne1 Bc3 36. Bf4 g5 37. hxg5 hxg5 38. Nxd3 gxf4 39. Nb1 Bd4 40. Nxf4 Be5 41.
Kg3 Ng5 42. Kg4 Ne4 43. f3 Nf2+ 44. Kf5 Bxf4 45. Kxf4 Kf7 46. Ke5 1-0

[Event "*** Titled Tuesday Blitz"]
[Site "Chess.com"]
[Date "2020.04.28"]
[Round "5"]
[White "momojunkai"]
[Black "Pittiplatsh"]
[Result "0-1"]
[WhiteElo "2236"]
[BlackElo "2452"]
[TimeControl "180+1"]
[EndTime "10:56:13 PDT"]
[Termination "Pittiplatsh won on time"]

1. d4 Nf6 2. Bg5 g6 3. Bxf6 exf6 4. g3 Bg7 5. Bg2 O-O 6. e3 d6 7. Ne2 Nd7 8. O-O f5 9. c4 Nf6 10. Nbc3 Re8 11. b4 Ne4 12. Qc2 Qe7 13. c5 Nxc3 14. Nxc3 c6 15. a4 h5 16. Rab1 h4 17. cxd6 Qxd6 18. b5 hxg3 19. hxg3 c5 20. Nd5 cxd4 21. Nc7 Be6 22. Nxa8 dxe3 23. Qc7 exf2+ 24. Kh1 Qd2 25.
Qf4 Qxf4 26. gxf4 Rxa8 27. Bxb7 Rb8 28. Bg2 Bd4 29. a5 Kg7 30. Bf3 Bc4 31. Bc6 Rh8+ 32.
Kg2 Rh4 33. b6 axb6 34. axb6 Rg4+ 35. Kf3 Bxb6 36. Rxb6 Bxf1 37. Be8 Rxf4+ 38. Kxf4 Bd3 39. Rb1 f1=Q+ 40. Rxf1 Bxf1 41. Kg5 f6+ 42. Kf4 Bd3 43. Kg3 g5 44. Kf3 Be4+ 45. Kf2 Kh6 46. Kg3 f4+ 47. Kf2 f5 0-1

[Event "*** Titled Tuesday Blitz"]
[Site "Chess.com"]
[Date "2020.04.28"]
[Round "5"]
[White "r31415"]
[Black "WoolworthsManly"]
[Result "0-1"]
[WhiteElo "2355"]
[BlackElo "2660"]
[TimeControl "180+1"]
[EndTime "10:56:14 PDT"]
[Termination "WoolworthsManly won by resignation"]

1. e4 e5 2. Nf3 Nc6 3. Bc4 Bc5 4. c3 Nf6 5. d3 d6 6. O-O a6 7. Bb3 Ba7 8. Nbd2 O-O 9. h3 h6 10. Re1 Nh5 11. Nf1 Qf6 12. Be3 Nf4 13. Ng3 Be6 14.
Bc2 Ne7 15. d4 Neg6 16. Nf5 Rfe8 17. Nh2 Qg5 18. Qg4 Bxf5 19. exf5 Nf8 20. Nf3 Qxg4 21.
hxg4 Nd5 22. Bd2 Nf6 23. g5 hxg5 24. Bxg5 exd4 25. Nxd4 Bxd4 26. cxd4 d5 27. Kf1 N8d7 28. Bf4 c6 29. Rxe8+ Rxe8 30. Re1 Rxe1+ 31. Kxe1 Ne8 32. Ke2 f6 33. g4 Kf7 34. Bg3 Ke7 35. Bd1 Nd6 36.
Bc2 a5 37. Kd3 b5 38. b3 Ne4 39. Bh4 Nb8 40. f3 Nd6 41. Be1 Nb7 42. Bg3 Na6 43.
a3 Nd6 44. Ke3 a4 45. Be1 axb3 46. Bxb3 Nc4+ 47. Bxc4 dxc4 48. f4 Nc7 49. Bb4+ Ke8 50. Ke4 Nd5 51. Ba5 Kd7 52. g5 Ke7 53. Be1 Kd6 54.
Bh4 c5 55. dxc5+ Kxc5 56. Bf2+ Kc6 57. Bh4 Kd6 58. Bf2 c3 59. Bg3 c2 0-1

[Event "*** Titled Tuesday Blitz"]
[Site "Chess.com"]
[Date "2020.04.28"]
[Round "5"]
[White "enriquetejedor"]
[Black "Filip_Covic"]
[Result "1-0"]
[WhiteElo "2522"]
[BlackElo "2331"]
[TimeControl "180+1"]
[EndTime "10:56:14 PDT"]
[Termination "enriquetejedor won by resignation"]

1. e4 c5 2. Nf3 Nc6 3. Bb5 g6 4. Bxc6 dxc6 5. d3 Bg7 6. O-O Nf6 7. h3 Nd7 8. Nc3 e5 9. a3 Nf8 10. b4 Ne6 11. Be3 h6 12. Qd2 f5 13. exf5 gxf5 14. Bxc5 Nxc5 15. bxc5 O-O 16. Rad1 Qf6 17.
d4 e4 18. Ne5 Be6 19. Rb1 Rad8 20. Rfd1 Qe7 21. Qf4 Kh7 22. f3 Bf6 23. fxe4 Bg5 24. Qf3 fxe4 25. Qxe4+ Bf5 26. Qe2 Rfe8 27. Ne4 Rxd4 28.
Rxd4 Qxe5 29. Nxg5+ hxg5 30. Qxe5 Rxe5 31. Rxb7+ Kg6 32.
Rd6+ Be6 33. Re7 Kf6 34. Rexe6+ Rxe6 35. Rxe6+ Kxe6 36. Kf2 Kd5 37. Kg3 Kxc5 38. Kg4 Kc4 39. Kxg5 Kc3 40. h4 Kxc2 41. h5 c5 42. h6 c4 43. h7 c3 44. h8=Q Kb2 45. Qc8 c2 46.
Kf4 c1=Q+ 47. Qxc1+ Kxc1 48. g4 Kb2 49. g5 Kxa3 50. g6 a5 51. g7 a4 52. Ke3 Kb2 53. g8=Q a3 54. Kd2 a2 55. Qb8+ Ka1 56. Qe5+ Kb1 57.
Qe1+ Kb2 58. Qc1+ Kb3 59. Qa1 1-0

[Event "*** Titled Tuesday Blitz"]
[Site "Chess.com"]
[Date "2020.04.28"]
[Round "5"]
[White "sergiochess83"]
[Black "KrolPawel92OnTwitch"]
[Result "0-1"]
[WhiteElo "2819"]
[BlackElo "2670"]
[TimeControl "180+1"]
[EndTime "10:56:16 PDT"]
[Termination "KrolPawel92OnTwitch won by resignation"]

1. e4 c5 2. Nf3 e6 3. d4 cxd4 4. Nxd4 Qb6 5. c3 Bc5 6. Na3 d5 7. exd5 exd5 8. Nac2 Ne7 9. Be2 O-O 10. O-O Nbc6 11.
Nb3 Bd6 12. Be3 Qc7 13. g3 Bf5 14. Ncd4 Bh3 15. Nb5 Qd7 16. Re1 Bb8 17. Bc5 a6 18. N5d4 Re8 19. Nxc6 bxc6 20. Bd3 h6 21. Qh5 Bg4 22.
Qh4 Be6 23. Re2 Bc7 24. Rae1 Ng6 25. Bxg6 fxg6 26. Nd4 g5 27. Qh5 Bf7 28. Qf3 Rxe2 29.
Rxe2 Re8 30. b4 Bg6 31. Rxe8+ Qxe8 32. Qe2 Qd7 33. Qxa6 Be4 34. f3 Bb1 35. Qa8+ Kh7 36. a4 Bd3 37. Qxc6 Qh3 38. Kf2 Qf1+ 39. Ke3 Bc4 40.
Kd2 Qd3+ 41. Kc1 Qxc3+ 42. Kd1 Be5 43. Ne6 Qd3+ 44. Kc1 Qf1+ 45. Kd2 Qe2+ 46. Kc1 Qb2+ 47. Kd1 Qe2+ 48. Kc1 Bb2+ 49. Kb1 Bd3+ 50. Ka2 Bc3+ 0-1

[Event "*** Titled Tuesday Blitz"]
[Site "Chess.com"]
[Date "2020.04.28"]
[Round "5"]
[White "amiralfio"]
[Black "allvim"]
[Result "1/2-1/2"]
[WhiteElo "2497"]
[BlackElo "2306"]
[TimeControl "180+1"]
[EndTime "10:56:16 PDT"]
[Termination "Game drawn by agreement"]

1. d4 Nf6 2. Bf4 d5 3. e3 c5 4. Nc3 Nc6 5. Nb5 e5 6. dxe5 a6 7. Nc3 Ne4 8. Nxe4 dxe4 9. Qxd8+ Nxd8 10. O-O-O Ne6 11. Bg3 b5 12. Ne2 h5 13. h4 c4 14. Nc3 Bb7 15. a4 Bc6 16. Be2 Be7 17. Nd5 Bc5 18. Rd2 O-O-O 19. Rhd1 g6 20. Nf4 Rxd2 21.
Rxd2 Ng7 22. e6 Nxe6 23. Nxe6 fxe6 24. Bd6 Bb6 25. axb5 axb5 26. Be7 Bd5 27. Bg5 Kc7 28. Bf4+ Kc6 29. c3 Ra8 30. Kc2 Bc5 31. f3 exf3 32.
Bxf3 Rf8 33. e4 Rxf4 34. exd5+ exd5 35. Bxd5+ Kb6 36. Bf3 Rxh4 37. Rd5 Rf4 38. Rg5 Rf6 39. b3 cxb3+ 40. Kxb3 Be3 41. Re5 Bf4 42. Rd5 Rd6 43. Rxd6+ Bxd6 44. c4 bxc4+ 45. Kxc4 Bg3 46. Kd5 g5 1/2-1/2

[Event "*** Titled Tuesday Blitz"]
[Site "Chess.com"]
[Date "2020.04.28"]
[Round "5"]
[White "Sanyura"]
[Black "Hangar-18"]
[Result "1-0"]
[WhiteElo "2488"]
[BlackElo "2266"]
[TimeControl "180+1"]
[EndTime "10:56:16 PDT"]
[Termination "Sanyura won by resignation"]

1. e4 c5 2. Nf3 e6 3. g3 Nc6 4.
Bg2 Nf6 5. d3 e5 6. O-O Be7 7.
Nbd2 O-O 8. a3 Re8 9. Rb1 d5 10. exd5 Nxd5 11. Nc4 Bf8 12. Re1 f6 13. Bd2 b6 14. Nh4 Bb7 15. Be4 Qd7 16. Bf5 Qf7 17. c3 Rad8 18. Qg4 Bc8 19. Bxc8 Rxc8 20. Nf5 Kh8 21. Nfd6 Qc7 22. Nxc8 Rxc8 23. Ne3 Nde7 24. Rbd1 Rd8 25. Bc1 g6 26. Qf3 Bg7 27. h4 f5 28.
h5 Kg8 29. hxg6 hxg6 30. Ng2 Rd6 31. Nh4 Kf7 32. Bg5 Nd5 33. Kg2 Qd7 34. Rh1 Nf6 35.
Bxf6 Bxf6 36. Nxg6 Kxg6 37. Qh5+ Kg7 38. Qh8+ Kf7 39.
Rh7+ Kg6 40. Rxd7 Rxd7 41. Qe8+ Rf7 42. Qxc6 Kg5 43. d4 cxd4 44. cxd4 e4 45. f4+ exf3+ 46. Kxf3 Rd7 47. Qxd7 1-0

[Event "*** Titled Tuesday Blitz"]
[Site "Chess.com"]
[Date "2020.04.28"]
[Round "5"]
[White "Paladin61"]
[Black "FrogMist"]
[Result "1-0"]
[WhiteElo "2586"]
[BlackElo "2408"]
[TimeControl "180+1"]
[EndTime "10:56:17 PDT"]
[Termination "Paladin61 won by resignation"]

1. d4 Nf6 2. c4 g6 3. g3 Bg7 4.
Bg2 O-O 5. Nc3 d6 6. Nf3 Nc6 7. O-O a6 8. Qd3 e6 9. e4 h6 10.
h3 Bd7 11. Be3 Rb8 12. a3 b5 13. cxb5 axb5 14. b4 Kh7 15. Rac1 Qc8 16. Kh2 Qa6 17. d5 Ne7 18. a4 exd5 19. exd5 Qb7 20. Nxb5 Bxb5 21.
axb5 Nexd5 22. Nd4 Rfe8 23. Bd2 Qb6 24. Rc6 Qb7 25.
Rfc1 Re7 26. Kg1 Rbe8 27. Qb3 Nb6 28. Rxd6 Qb8 29. Nc6 cxd6 30. Nxb8 Rxb8 31. Bf4 Rd8 32. Rc6 Nc8 33. b6 g5 34. Be3 Rb7 35. Rxc8 Rxc8 36. Bxb7 Rb8 37. Bf3 d5 38. Qd3+ Kg8 39. Bxd5 Nxd5 40.
Qxd5 Bf8 41. b5 1-0